Mandevil, chaotic male elven Wizard ------ |....|####` ---------------- |....| # --------------- |..............| #......# ###|...........(.| ##%.....*........| #------# #...............### # |.......(......| ## # #..........>...| # ### -------.-------- # # #--.--..-------- # # # # # ### # ### # # # # # # # # ## `## # # # # # # ---+-+----.---# -------%------- # # # |............|# |.$$$?%%%[$$$.| ------# ### # |.............# |.$$$..@%%.$..| |.<..|# #---------# |............| |.$.$$%$).%...| |....-# #|........# |............. |.$$)$$$$$....| |....| #|.......| -------------- --------------- ------ #........| --------- Mandevil the Thaumaturge Experience level: 8 Strength: 8 Dexterity: 17 Constitution: 16 Intelligence: 16 Wisdom: 16 Charisma: 9 Health: 43(51) Energy: 102(102) Def: 17 Gold: 150 Moves: 11146 Dungeon seed: 7ARzaLgBzZmFLDZp Game ID: Mandevil_1465546476 Your Inventory: Coins $ - 150 gold pieces Weapons a - the rustproof +1 Magicbane (weapon in hand) b - a blessed +1 quarterstaff Y - a +0 elven dagger Armor q - an uncursed +0 helmet (being worn) r - a blessed +1 pair of levitation boots x - an uncursed +0 pair of high boots (being worn) z - a blessed +2 silver dragon scale mail (being worn) A - an uncursed +0 pair of leather gloves (being worn) M - an uncursed +0 cloak of magic resistance (being worn) Potions L - an uncursed potion of paralysis Rings c - an uncursed ring of cold resistance (on right hand) d - an uncursed +1 ring of protection (on left hand) N - an uncursed ring of shock resistance W - a cursed ring of aggravate monster Wands o - a wand of make invisible (0:6) G - a wand of create monster (0:5) H - a wand of lightning (0:1) U - a wand of make invisible (0:0) V - a wand of create monster (0:0) X - a wand of make invisible (0:7) Tools e - a +0 pick-axe h - an uncursed sack k - an uncursed skeleton key l - an uncursed leather drum m - an uncursed magic lamp n - a blessed oil lamp (0:1383) t - an uncursed stethoscope w - an uncursed magic whistle y - a +0 unicorn horn E - 6 uncursed wax candles (0:400) R - an uncursed towel Gems g - an uncursed touchstone Contents of the sack: 1005 gold pieces an uncursed scroll of blank paper an uncursed scroll of enchant armor an uncursed scroll of enchant weapon a blessed scroll of gold detection an uncursed scroll of magic mapping an uncursed scroll of remove curse an uncursed scroll of teleportation an uncursed spellbook of jumping an uncursed spellbook of magic missile an uncursed potion of acid an uncursed potion of fruit juice an uncursed potion of hallucination 4 potions of holy water a wand of make invisible (0:0) a tinning kit (0:95) Spells and supernatural/magical abilities: Name Level Category Fail Memory a - force bolt 1 attack 0% 45% e - charm monster 3 enchantment 0% 45% i - invisibility 4 escape 100% 54% j - jumping 1 escape 0% 97% l - light 1 divination 0% 54% m - magic missile 2 attack 0% 98% D - drain life 2 attack 0% 54% W - pray for help -- divine ? -- Your skills at the end: Fighting Skills wands [Basic] Weapon Skills dagger [Basic] quarterstaff [Basic] Spellcasting Skills attack spells [Expert] divination spells [Basic] enchantment spells [Skilled] Final Attributes: You were piously aligned. You were cold resistant. You were sleep resistant. You were poison resistant. You were magic-protected. You were blinded. You saw invisible. You were telepathic. You had infravision. You aggravated monsters. You were protected. You had reflection. You were unlucky. You are dead. Vanquished creatures: a watch captain a large mimic 2 small mimics a tiger a chameleon 2 wolves 2 winter wolf cubs a leprechaun a giant spider a scorpion a horse a black light a gold golem a lizard a dingo 2 blue jellies a white unicorn 3 dust vortices 4 ravens 2 plains centaurs a gnome mummy a snake a human zombie 2 Woodland-elves 4 soldier ants a fire ant a water nymph 2 mountain nymphs 6 Mordor orcs 4 Uruk-hai an orc shaman 4 rock piercers a rock mole a pony 7 fog clouds 4 yellow lights 2 shriekers 2 violet fungi 12 gnome lords 3 gnomish wizards a kobold mummy a golden naga hatchling 6 gray oozes a barrow wight an elf zombie a paper golem 4 giant ants 9 floating eyes 2 kittens 18 dwarves a homunculus 2 kobold shamans 4 hill orcs 8 rothes 4 rabid rats 2 centipedes 4 giant bats an orc zombie 2 wererats 6 iguanas 12 killer bees 3 acid blobs 8 coyotes 2 gas spores 4 hobbits 2 large kobolds 8 giant rats 3 cave spiders a brown mold 2 yellow molds a green mold 2 red molds 48 gnomes 13 garter snakes 2 gnome zombies 9 geckos 12 jackals 3 foxes 4 kobolds 9 goblins 6 sewer rats 11 grid bugs 2 bats 11 lichens 4 kobold zombies 12 newts 362 creatures vanquished. Voluntary challenges: You used a wielded weapon 183 times, starting on turn 162. You read items or engraved 89 times, starting on turn 579. You never genocided any monsters. You never polymorphed an object. You never changed form. You used 1 wish, starting on turn 8479. You did not wish for any artifacts. You never split a pudding. You wrote Elbereth's name 59 times, starting on turn 1921. You violated your moral code, losing 31 points of alignment, starting on turn 2766. Dungeon overview: The Dungeons of Doom: levels 1 to 7 Level 1 a fountain a long staircase Level 2 a hardware shop, an altar to Anhur stairs to The Gnomish Mines Level 3 Level 4 a hardware shop, a fountain Level 5 a fountain Level 6 Level 7 <- You were here The Gnomish Mines: levels 3 to 9 Level 3 stairs to The Dungeons of Doom Level 4 Level 5 many shops, a temple to Ptah, some fountains Level 6 Level 7 Level 8 Level 9 History has recorded: On T:1 you entered the Dungeons of Doom to retrieve the Amulet of Yendor! On T:405 you reached level 2 of The Dungeons of Doom. On T:803 you advanced to experience level 2. On T:1283 you reached level 1 of The Gnomish Mines. On T:1285 you advanced to experience level 3. On T:1304 you advanced to experience level 4. On T:1551 you advanced to experience level 5. On T:1967 you reached level 2 of The Gnomish Mines. On T:2335 you advanced to experience level 6. On T:2554 you reached level 3 of The Gnomish Mines. On T:2825 you reached level 4 of The Gnomish Mines. On T:2962 you advanced to experience level 7. On T:3261 you reached level 5 of The Gnomish Mines. On T:4526 you reached level 6 of The Gnomish Mines. On T:4578 you advanced to experience level 8. On T:5132 you reached level 7 of The Gnomish Mines. On T:7038 you received Magicbane from Anhur. On T:7310 you reached level 3 of The Dungeons of Doom. On T:7591 you reached level 4 of The Dungeons of Doom. On T:8479 you wished for "blessed fixed +2 silver dragon scale mail". On T:9086 you reached level 5 of The Dungeons of Doom. On T:9547 you reached level 6 of The Dungeons of Doom. On T:10333 you reached level 7 of The Dungeons of Doom. Score breakdown: Gold: 1155 (10419 points) Experience: 8 levels (14739 points) Exploration: 9 levels ( 18.37%) (12247 points) Discoveries: 19 items ( 6.76%) ( 7800 points) Valuables value: (no points given unless you survive) Artifact value: 3500 (12056 points) Variety of kills: 86 monsters ( 22.45%) (14215 points) Turncount: 11146 turns (-2538 points) Survival: died (score multiplied by 80%) Total score: 55150 Latest messages: The winged gargoyle misses the centipede. The winged gargoyle hits the centipede. The centipede is killed! You have a little trouble lifting $ - 35 gold pieces. The magic-absorbing blade stuns the floating eye! You feel as if you will be slow for longer. The winged gargoyle picks up 97 gold pieces. The floating eye looks a bit steadier now. You kill the floating eye! You have a little trouble lifting $ - 37 gold pieces. The winged gargoyle speeds up. You have a little trouble lifting $ - 25 gold pieces. You see here a garter snake corpse. The winged gargoyle drops 97 gold pieces. You see here a garter snake corpse {50}. Ulch! That meat was tainted! You feel deathly sick. Nothing seems to happen. The winged gargoyle picks up a gnome corpse. You faint from lack of food. It misses. You die from your illness. For some reason, you think that you can almost hear the Wizard laugh manically... Final status: Goodbye Mandevil the Wizard, poisoned by a rotted garter snake corpse, while fainted from lack of food... You were poisoned in The Dungeons of Doom on dungeon level 7 with 55150 points, and 1155 pieces of gold, after 11146 moves. You were level 8 with a maximum of 51 hit points when you were poisoned.